General information
- name: BNet
- type: Ladder team game (AT/RT)
- host: Battle.net
- saver: Fury_F
map: Goldshire
- players: 4
- length: 08:05
- speed: Fast
- version: 1.26 W3XP
- replay type: Public
» download(43 KB)
Players
team 1 (loser)
Peniz_Pilz (
green | 55 APM | 396 actions | 07:15)
2 Blademaster
1 Wind Walk
1 Critical Strike
» actions
| Assign group hotkey | 5 | |
| Build / train | 25 | |
| Enter build submenu | 5 | |
| Enter hero's abilities submenu | 2 | |
| Remove unit from queue | 1 | |
| Right click | 226 | |
| Select / deselect | 74 | |
| Select group hotkey | 19 | |
| Use ability | 39 | |
396 total
» units
» buildings
| Stronghold | 2 | |
| Altar of Storms | 1 | |
| Orc Burrow | 1 | |
| Voodoo Lounge | 2 | |
6 total
» build order
01:34 Stronghold
01:34 Stronghold
01:59 Altar of Storms
02:03 Orc Burrow
02:35 Voodoo Lounge
03:45 Voodoo Lounge
» items
| Potion of Healing | 2 | |
| Potion of Mana | 1 | |
| Healing Salve | 1 | |
| Lesser Clarity Potion | 1 | |
| Scroll of Speed | 1 | |
6 total
kaito (
purple | 91 APM | 729 actions | 07:59)
2 Archmage
1 Summon Water Elemental
1 Brilliance Aura
1 Firelord
1 Summon Lava Spawn
» actions
| Assign group hotkey | 33 | |
| Basic commands | 47 | |
| Build / train | 29 | |
| Enter build submenu | 12 | |
| Enter hero's abilities submenu | 3 | |
| Right click | 224 | |
| Select / deselect | 162 | |
| Select group hotkey | 192 | |
| Use ability | 27 | |
729 total
» units
» buildings
| Altar of Kings | 1 | |
| Barracks | 1 | |
| Farm | 4 | |
| Scout Tower | 1 | |
| Arcane Tower | 1 | |
| Arcane Vault | 1 | |
| Keep | 1 | |
| Blacksmith | 1 | |
| Arcane Sanctum | 1 | |
12 total
» build order
00:11 Altar of Kings
00:16 Barracks
00:29 Farm
00:30 Farm
01:42 Scout Tower
02:05 Farm
02:16 Arcane Tower
02:28 Arcane Vault
03:41 Keep
04:42 Farm
05:23 Blacksmith
06:25 Arcane Sanctum
» items
| Scroll of Regeneration | 2 | |
| Lesser Clarity Potion | 2 | |
| Mechanical Critter | 1 | |
5 total
team 2 (winner)
Fury_F (
yellow | 82 APM | 660 actions | 08:05)
2 Death Knight
1 Death Coil
1 Unholy Aura
» actions
| Assign group hotkey | 17 | |
| Basic commands | 48 | |
| Build / train | 25 | |
| Enter build submenu | 15 | |
| Enter hero's abilities submenu | 2 | |
| Right click | 281 | |
| Select / deselect | 111 | |
| Select group hotkey | 117 | |
| Use ability | 44 | |
660 total
» units
| Acolyte | 2 | |
| Ghoul | 4 | |
| Crypt Fiend | 4 | |
| Obsidian Statue | 1 | |
11 total
» buildings
| Altar of Darkness | 1 | |
| Ziggurat | 3 | |
| Crypt | 1 | |
| Tomb of Relics | 1 | |
| Graveyard | 1 | |
| Nerubian Tower | 2 | |
| Halls of the Dead | 2 | |
| Slaughterhouse | 1 | |
12 total
» build order
00:07 Altar of Darkness
00:10 Ziggurat
00:34 Crypt
01:02 Tomb of Relics
01:15 Graveyard
01:56 Ziggurat
02:14 Nerubian Tower
02:15 Nerubian Tower
03:10 Halls of the Dead
03:10 Halls of the Dead
05:26 Ziggurat
06:16 Slaughterhouse
» items
| Rod of Necromancy | 1 | |
| Lesser Clarity Potion | 2 | |
| Scroll of Regeneration | 1 | |
4 total

»
ONLY.NOOB.ALLY (
pink | 142 APM | 1137 actions | 08:00)
3 Archmage
2 Summon Water Elemental
1 Brilliance Aura
» actions
| Assign group hotkey | 28 | |
| Basic commands | 50 | |
| Build / train | 55 | |
| Enter build submenu | 18 | |
| Enter hero's abilities submenu | 3 | |
| Right click | 352 | |
| Select / deselect | 192 | |
| Select group hotkey | 390 | |
| Use ability | 49 | |
1137 total
» units
» buildings
| Altar of Kings | 1 | |
| Barracks | 1 | |
| Farm | 4 | |
| Lumber Mill | 1 | |
| Scout Tower | 9 | |
| Arcane Vault | 1 | |
| Guard Tower | 6 | |
| Arcane Tower | 2 | |
25 total
» build order
00:07 Altar of Kings
00:19 Barracks
00:34 Farm
00:51 Farm
01:36 Farm
02:07 Lumber Mill
02:54 Farm
03:26 Scout Tower
03:27 Scout Tower
03:28 Scout Tower
03:30 Arcane Vault
03:45 Scout Tower
03:46 Scout Tower
03:55 Guard Tower
03:56 Arcane Tower
04:12 Guard Tower
04:18 Guard Tower
04:24 Guard Tower
04:48 Scout Tower
05:11 Scout Tower
05:33 Scout Tower
05:40 Guard Tower
06:01 Scout Tower
06:19 Guard Tower
06:20 Arcane Tower
Chat log
(01:49 / Allies) Fury_F: why not scout ?
(01:57 / Allies) ONLY.NOOB.ALLY: orc
(02:01 / Allies) ONLY.NOOB.ALLY: attack
(02:53 / All) Peniz_Pilz: MAPHACKER LOOOL
(03:47 / Allies) ONLY.NOOB.ALLY: gold
(03:48 / Allies) ONLY.NOOB.ALLY: wood
(07:03 / Allies) Fury_F: go